 Dungeon Crawl Stone Soup version 0.29-a0-563-g64e4043184 (webtiles) character file.

Game seed: 10123075679892711664

339 lesaewzxc the Magician (level 6, -7/35 HPs)
             Began as a Deep Elf Conjurer on June 10, 2022.
             Was an Initiate of Wu Jian.
             Mangled by a gnoll
             ... wielding a +0 halberd
              (9 damage)
             ... on level 5 of the Dungeon on June 11, 2022.
             The game lasted 00:22:35 (2436 turns).

lesaewzxc the Magician (Deep Elf Conjurer)          Turns: 2436, Time: 00:22:35

Health: -7/35      AC:  6    Str:  4    XL:     6   Next: 29%
Magic:  0/16       EV: 18    Int: 23    God:    Wu Jian [......]
Gold:   137        SH:  0    Dex: 15    Spells: 13/16 levels left

rFire   . . .      SeeInvis .   (no weapon)
rCold   . . .      Faith    .   (no shield)
rNeg    . . .      Spirit   +   a - +0 robe
rPois   .          Reflect  .   (no helmet)
rElec   .          Harm     .   (no cloak)
rCorr   .          Rampage  .   (no gloves)
Will    .....                   (no boots)
Stlth   +++.......              k - amulet of guardian spirit
HPRegen 0.11/turn               c - +4 ring of evasion
MPRegen 0.15/turn               d - +4 ring of protection

@: no status effects
A: no striking features
a: Renounce Religion


You were on level 5 of the Dungeon.
You worshipped Wu Jian.
Wu Jian was noncommittal.
You visited 1 branch of the dungeon, and saw 5 of its levels.

You collected 137 gold pieces.

Inventory:

Hand Weapons
 h - a +1 trident of venom
Armour
 a - a +0 robe (worn)
Jewellery
 c - a +4 ring of evasion (left hand)
 d - a +4 ring of protection (right hand)
 k - an amulet of guardian spirit (around neck)
Wands
 f - a wand of digging (7)
 g - a wand of mindburst (10)
Scrolls
 e - a scroll of amnesia {unknown}
 i - a scroll of enchant weapon
 j - a scroll of torment {unknown}
Potions
 b - 3 potions of heal wounds {unknown}


   Skills:
 + Level 1.6 Fighting
 * Level 4.6 Dodging
 + Level 4.0 Stealth
 * Level 5.5 Spellcasting
 + Level 5.1 Conjurations


You had 13 spell levels left.
You knew the following spells:

 Your Spells              Type           Power      Damage    Failure   Level
a - Magic Dart            Conj           100%       1d8       1%          1
b - Searing Ray           Conj           58%        2d6       1%          2

Your spell library contained the following spells:

 Spells                   Type           Power      Damage    Failure   Level
 Dazzling Flash           Conj/Hex       36%        N/A       10%         3
 Fulminant Prism          Conj/Hex       9%         3d7       30%         4
 Iskenderun's Mystic Bla  Conj/Tloc      18%        2d6       30%         4


Dungeon Overview and Level Annotations

Branches:
Dungeon (5/15)
 Temple: D:4-7

Altars:
Wu Jian

Shops:
D:3 [

Portals:
Ossuary: D:4

Annotations:
D:4 3 runed translucent doors, Gelos's ghost, amateur OgFE


Message History

Really attack while wielding nothing? [Y]es or [N]o only, please.
Really attack while wielding nothing? [Y]es or [N]o only, please.
Really attack while wielding nothing?
You hit the hound but do no damage. The hound bites you but does no damage.
The gnoll closely misses you. The hound barely misses you. The hound bites you.
You barely miss the hound. The hound bites you. The hound barely misses you.
The jackal barely misses you. The gnoll closely misses you. x2
You hit the hound.
The hound is lightly wounded.
The hound closely misses you. The hound bites you but does no damage.
The jackal misses you. The gnoll misses you.
The gnoll hits you with a +0 flail!
* * * LOW HITPOINT WARNING * * *
The hound completely misses you. The hound bites you.
* * * LOW HITPOINT WARNING * * *
The jackal closely misses you. x2
You completely miss the hound.
The hound is lightly wounded.
The hound closely misses you. The hound misses you.
The gnoll hits you with a +0 club.
* * * LOW HITPOINT WARNING * * *
The jackal closely misses you. The gnoll closely misses you.
The jackal closely misses you.
You barely miss the hound.
The hound is lightly wounded.
The hound closely misses you. The hound barely misses you.
The jackal closely misses you.
The jackal bites you but does no damage.
The gnoll hits you with a +0 club!
* * * LOW HITPOINT WARNING * * *
The gnoll misses you. The hound misses you. The hound closely misses you.
You hit the hound but do no damage.
The hound is lightly wounded.
The jackal bites you but does no damage.
The jackal closely misses you. The hound misses you.
The hound barely misses you. The gnoll hits you but does no damage.
The gnoll hits you from afar with a +0 halberd!
You die...

..≈.....h....##
..≈...####.#.#
..≈..# ###.##
..≈.. #..#+++#.
#.≈.. #........
#.≈. ##gh......
#.gg......
#hhg......
#h@g......
#...h......
##.......##
..........
#..........
#.#.......#
..##.....## ...
......


You could see 2 hounds, 5 gnolls and 3 jackals.

Vanquished Creatures
  A scorpion (D:4)
  A jelly (D:4)
  An orc priest (D:4)
  3 iguanas
  2 gnolls (D:5)
  6 adders
  A river rat (D:3)
  A worm (D:4)
  10 orcs
  2 bats
  3 endoplasms
  2 giant cockroaches
  8 goblins
  2 hobgoblins
  A quokka (D:2)
  5 ball pythons
  A frilled lizard (D:2)
  3 kobolds
  4 rats
57 creatures vanquished.

Notes
Turn   | Place    | Note
-------+----------+-------------------------------------------
     0 | D:1      | lesaewzxc the Deep Elf Conjurer began the quest for the
                  | Orb.
     0 | D:1      | Reached XP level 1. HP: 10/10 MP: 6/6
   377 | D:1      | Reached XP level 2. HP: 15/15 MP: 5/8
   696 | D:3      | Reached XP level 3. HP: 20/20 MP: 10/10
   963 | D:3      | Found Ofuxziuw's Antique Armour Shoppe.
  1013 | D:2      | Reached XP level 4. HP: 3/24 MP: 3/12
  1409 | D:2      | Learned a level 2 spell: Searing Ray
  1415 | D:2      | Reached skill level 1 in Fighting
  1705 | D:3      | Found an ornate altar of the Wu Jian Council.
  1752 | D:3      | Became a worshipper of the Wu Jian Council
  1753 | D:3      | Upgraded the game from 0.29-a0-559-g359e09b9d1 to
                  | 0.29-a0-563-g64e4043184
  1831 | D:4      | Found a sand-covered staircase.
  1888 | D:4      | Found a runed translucent gate.
  1890 | D:4      | Found a runed translucent gate.
  1890 | D:4      | Noticed Gelos's ghost (amateur OgFE)
  1891 | D:4      | Found a runed translucent gate.
  1936 | D:4      | Reached XP level 5. HP: 29/29 MP: 6/13
  2036 | D:4      | Reached skill level 5 in Spellcasting
  2149 | D:4      | Reached skill level 5 in Conjurations
  2212 | D:4      | Reached XP level 6. HP: 34/34 MP: 4/15
  2350 | D:5      | Entered Level 5 of the Dungeon
  2435 | D:5      | HP: 1/35 [gnoll/+0 club (5)]
  2436 | D:5      | Mangled by a gnoll

Illustrated notes

Levels and vault maps discovered:
D:1:      saegor_arrival_under_anarchy, layout_basic,
          shapermc_ecumenical_altar_mp_urbaneastern
D:2:      layout_basic, minmay_misc_feat_encased
D:3:      layout_rooms, mainiacjoe_overflow_boulevard,
          cheibrodos_sewer_entry_sluice, serial_shops, shop
D:4:      layout_loops_cross, nicolae_ossuary_entry_false_entrances,
          biasface_ghost_orc_armoury
D:5:      minmay_evil_eye, layout_cave_pools, serial_gnoll_camp,
          gnoll_camp_mini_loothouse, gnoll_camp_medium_01,
          gnoll_camp_mini_doghouse, gnoll_camp_medium_02, gnoll_camp_huts_moat,
          nrook_mini_backslash, uniq_prince_ribbit1

Skill      XL: |  1  2  3  4  5  6 |
---------------+-------------------+-----
Dodging        | 3 4 |  4.6
Stealth        | 3 4 |  4.0
Spellcasting   | 4 5 |  5.5
Fighting       | 1 |  1.6
Conjurations   | 5 |  5.1

Action                   |  1- 3 |  4- 6 || total
-------------------------+-------+-------++-------
Melee: Unarmed           |    12 |    17 ||    29
 Cast: Magic Dart        |    67 |     3 ||    70
       Searing Ray       |       |    25 ||    25
Invok: Lunge             |       |     3 ||     3
Evoke: Wand              |     5 |     3 ||     8
  Use: Scroll            |     1 |     5 ||     6
       Potion            |     1 |     1 ||     2
 Stab: Sleeping          |       |     1 ||     1
Armor: Robe              |    11 |    22 ||    33
Dodge: Dodged            |    51 |   126 ||   177

Table legend: (Time is in decaauts)
 A = Elapsed time spent in this place.
 B = Non-inter-level travel time spent in this place.
 C = Inter-level travel time spent in this place.
 D = Time resting spent in this place.
 E = Time spent auto-exploring this place.
 F = Levels seen in this place.
 G = Mean time per level.
                   A        B        C        D        E       F      G
               +--------+--------+--------+--------+--------+-----+--------+
         Total |   2440 |   2342 |     98 |     20 |    647 |   5 |  488.0 |
       Dungeon |   2440 |   2342 |     98 |     20 |    647 |   5 |  488.0 |
               +--------+--------+--------+--------+--------+-----+--------+

Top non-repeatable levels by time:
     D:2: 962 daAuts
     D:4: 547 daAuts
     D:3: 435 daAuts
     D:1: 411 daAuts
     D:5: 84 daAuts
